 Dungeon Crawl Stone Soup version 0.18.1-6-gd335043 (webtiles) character file.

81 M4edhros the Conjurer (level 4, -4/30 HPs)
             Began as a Mummy Conjurer on May 16, 2016.
             Killed by divine providence
             ... invoked by an orc priest
              (16 damage)
             ... on level 3 of the Dungeon.
             The game lasted 00:02:36 (2135 turns).

M4edhros the Conjurer (Mummy Conjurer)              Turns: 2135, Time: 00:02:37

Health: -4/30      AC:  3    Str: 11    XL:     4   Next: 19%
Magic:  4/7        EV: 12    Int: 13    God:
Gold:   108        SH:  0    Dex: 12    Spells: 1 memorised, 6 levels left

rFire  x . .     SeeInvis .     n - +0 dagger (speed)
rCold  + . .     Gourm    .     a - +0 robe
rNeg   + + +     Faith    .     (no shield)
rPois  ∞         Spirit   .     (no helmet)
rElec  .         Dismiss  .     (no cloak)
rCorr  .         Reflect  .     (no gloves)
SustAt .         Harm     .     k - +0 pair of boots (curse)
MR     +....                    (no amulet)
Stlth  ++........               g - ring of protection from magic
                                d - -2 ring of intelligence (curse)

@: somewhat resistant to hostile enchantments, unstealthy
A: no food or potions, fire vulnerability, cold resistance 1, negative energy
resistance 3, torment resistance, unbreathing
a: no special abilities


You were on level 3 of the Dungeon.
You were not hungry.

You visited 1 branch of the dungeon, and saw 3 of its levels.

You collected 108 gold pieces.

Inventory:

Hand Weapons
 n - a +0 dagger of speed (weapon)
Armour
 a - a +0 robe (worn)
 k - a cursed +0 pair of boots (worn)
Jewellery
 d - a cursed -2 ring of intelligence (left hand)
 g - a ring of protection from magic (right hand)
Scrolls
 c - 3 scrolls of amnesia {unknown}
 e - a scroll of blinking {unknown}
 f - 5 scrolls of identify {unknown}
 h - a scroll of noise {unknown}
 i - 2 scrolls of teleportation {unknown}
 j - a scroll of random uselessness {unknown}
 l - a scroll of magic mapping {unknown}
 m - a scroll of remove curse {unknown}
Books
 b - a book of Conjurations

   Spells                             Type                      Level
   a - Magic Dart                     Conjuration                  1
   b - Searing Ray                    Conjuration                  2
   c - Dazzling Spray                 Conjuration/Hexes            3
   d - Fulminant Prism                Conjuration/Hexes            4
   e - Iskenderun's Mystic Blast      Conjuration                  4
   f - Iskenderun's Battlesphere      Conjuration/Charms           5


   Skills:
 - Level 1.5 Dodging
 - Level 1.5 Stealth
 - Level 2.0 Spellcasting
 + Level 4.7 Conjurations


You had 6 spell levels left.
You knew the following spells:

 Your Spells              Type           Power        Failure   Level  Hunger
a - Magic Dart            Conj           ##..         4%          1    N/A

Dungeon Overview and Level Annotations

Branches:
Dungeon (3/15)

Altars:


Innate Abilities, Weirdness & Mutations

You do not eat or drink.
Your flesh is vulnerable to fire.
You are immune to poison.
Your flesh is cold resistant.
You are immune to negative energy.
You are immune to unholy pain and torment.
You can survive without breathing.


Message History

You can't see any susceptible monsters within range! (Use Z to cast anyway.)
Casting: Magic Dart
Confirm with . or Enter, or press ? or * to list all spells.
You can't see any susceptible monsters within range! (Use Z to cast anyway.)
f - 5 scrolls labeled QIUNKA BIMECS (gained 1) 2 orcs and an orc priest come into view.
The orc priest shouts!
A rat comes into view.
There are monsters nearby!
There are monsters nearby!
The orc priest mumbles some strange prayers to Beogh against you.
Beogh smites you!
Ouch! That really hurt!
You can't drink.
Read which item? (? for menu, Esc to quit)
Okay, then.
The orc priest calls down the wrath of Beogh upon you.
Beogh smites you!
Ouch! That really hurt!
You die...

#.#≈≈≈≈≈≈..≈≈≈≈
#.#.≈≈≈#≈$..≈≈≈
#...#≈≈≈≈.8≈≈≈#
#....≈≈≈≈≈≈≈≈≈≈
####...≈≈≈≈≈≈≈. ###
##.)#≈≈.≈≈# ...
##.#...# ..#o.
#...#########o....#
##....@.r...o.#
#.#########.## #..
.# ##.> .# #. ## ..
..


You could see an orc priest, an orc (wandering) and a rat.

Vanquished Creatures
  2 adders (D:2)
  A worm (D:2)
  6 dart slugs
  A giant gecko (D:1)
  4 bats
  A giant cockroach (D:1)
  10 goblins
  2 hobgoblins (D:1)
  2 jackals (D:1)
  10 kobolds
  2 giant newts
  10 rats
51 creatures vanquished.

Notes
Turn   | Place    | Note
--------------------------------------------------------------
     0 | D:1      | M4edhros the Mummy Conjurer began the quest for the Orb.
     0 | D:1      | Reached XP level 1. HP: 13/13 MP: 3/3
   237 | D:1      | Reached XP level 2. HP: 10/19 MP: 0/5
   523 | D:1      | Reached skill level 4 in Conjurations
   903 | D:1      | Reached XP level 3. HP: 22/24 MP: 2/6
  1943 | D:3      | Reached XP level 4. HP: 27/30 MP: 0/7
  2135 | D:3      | Killed from afar by an orc priest

Skill      XL: |  1  2 |
---------------+-------+-----
Conjurations   | 4 |  4.7
Dodging        | |  1.5
Stealth        | |  1.5
Spellcasting   | |  2.0

Action                   |  1- 3 |  4- 6 || total
-------------------------+-------+-------++-------
Melee: Unarmed           |    47 |       ||    47
       Dagger            |       |    16 ||    16
 Cast: Magic Dart        |    85 |    15 ||   100
 Stab: Sleeping          |       |     1 ||     1
Armor: Robe              |    14 |     3 ||    17
Dodge: Dodged            |    43 |    10 ||    53
